 Dungeon Crawl Stone Soup version 0.31-a0-981-geadf994542 (webtiles) character file.

Game seed: 1129238405987866965

3 FIREandBLOOD the Firebug (level 1, -4/18 HPs)
             Began as a Human Cinder Acolyte on Nov 2, 2023.
             Was a High Priest of Ignis.
             Slain by a gnoll
             ... wielding a +0 whip
              (5 damage)
             ... on level 1 of the Dungeon.
             The game lasted 00:03:22 (140 turns).

FIREandBLOOD the Firebug (Human Cinder Acolyte)      Turns: 140, Time: 00:03:23

Health: -4/18      AC:  2    Str: 14    XL:     1   Next: 55%
Magic:  2/2        EV: 11    Int: 14    God:    Ignis [*****.]
Gold:   22         SH:  0    Dex:  8    Spells: 2/2 levels left

rFire   + . .        a - -1 falchion (flame)
rCold   . . .        (no shield)
rNeg    . . .        b - +0 robe
rPois   .            (no helmet)
rElec   .            (no cloak)
rCorr   .            (no gloves)
SInv    .            (no boots)
Will    .....        (no amulet)
Stlth   +            (no ring)
HPRegen 0.23/turn    (no ring)
MPRegen 0.08/turn

%: no passive effects
@: no status effects
A: no striking features
a: Renounce Religion, Fiery Armour, Foxfire Swarm, Rising Flame


You were on level 1 of the Dungeon.
You worshipped Ignis.
Ignis was extremely pleased with you.
You visited 1 branch of the dungeon, and saw 1 of its levels.

You collected 22 gold pieces.

Inventory:

Hand Weapons
 a - a -1 falchion of flaming (weapon)
Armour
 b - a +0 robe (worn)


   Skills:
 - Level 3.0 Fighting
 - Level 3.0 Long Blades
 + Level 1.2 Spellcasting
 + Level 3.1 Fire Magic


You had 2 spell levels left.
You didn't know any spells.
Your spell library contained the following spells:

 Spells                   Type           Power      Damage    Failure   Level
 Scorch                   Fire           18%        2d5       11%         2


Dungeon Overview and Level Annotations

Branches:
Dungeon (1/15)

Altars:


Message History

A bat is nearby!
A bat is nearby!
A bat is nearby!
A bat is nearby!
A bat is nearby!
The bat closely misses you. The bat hits you but does no damage.
The bat closely misses you. The bat barely misses you.
You hit the bat. You burn the bat.
You kill the bat!
You see here a bat corpse.
A hobgoblin comes into view.
The hobgoblin shouts!
A hobgoblin is nearby!
Found a stone staircase leading down.
You barely miss the hobgoblin. The hobgoblin closely misses you.
You completely miss the hobgoblin.
The hobgoblin hits you but does no damage.
You hit the hobgoblin. You burn the hobgoblin.
You kill the hobgoblin!
Found a stone.
Found a dagger.
You don't know any spells.
Okay, then.
Found a ring mail.
You see here a +0 ring mail.
You now have 8 gold pieces.
You now have 22 gold pieces (gained 14).
A gnoll comes into view. It is wielding a +0 whip.
The gnoll shouts!
You closely miss the gnoll. The gnoll hits you with a +0 whip. x2
You barely miss the gnoll. The gnoll hits you with a +0 whip.
* * * LOW HITPOINT WARNING * * *
You completely miss the gnoll. The gnoll hits you with a +0 whip.
* * * LOW HITPOINT WARNING * * *
You hit the gnoll but do no damage. The gnoll closely misses you.
You barely miss the gnoll. Your punch misses the gnoll.
The gnoll hits you with a +0 whip.
You die...

#[#.# #..#
#########.#.#
#..#
.......##.#.#
#..# #....#.#
#..# #..###.#
#..# #..# #.#
#..# #.# #..#
#.# #..# ###.#
#..# #.###..#
....######..#
#.@g...#
.........#..#
######.#
##...###.#..#
##...# #....#
....>###.####
.......(.######
###...#.......#
#.#...#####.#
#.##.##


You could see a gnoll.

Vanquished Creatures
  A goblin (D:1)
  A hobgoblin (D:1)
  A bat (D:1)
3 creatures vanquished.

Notes
Turn   | Place    | Note
-------+----------+-------------------------------------------
     0 | D:1      | FIREandBLOOD the Human Cinder Acolyte began the quest for
                  | the Orb.
     0 | D:1      | Reached XP level 1. HP: 18/18 MP: 2/2
   140 | D:1      | Slain by a gnoll

Illustrated notes

Levels and vault maps discovered:
D:1:      wander_arrival_estate, layout_loops_ring, serial_bayou_crossing

Action                     || total
---------------------------++-------
  Melee: Falchion          ||    11
 Armour: Robe              ||     9
  Dodge: Dodged            ||     5

Table legend: (Time is in decaauts)
 A = Elapsed time spent in this place.
 B = Non-inter-level travel time spent in this place.
 C = Inter-level travel time spent in this place.
 D = Time resting spent in this place.
 E = Time spent auto-exploring this place.
 F = Levels seen in this place.
 G = Mean time per level.
                   A        B        C        D        E       F      G
               +--------+--------+--------+--------+--------+-----+--------+
         Total |    141 |    141 |      0 |      0 |     52 |   1 |  141.0 |
       Dungeon |    141 |    141 |      0 |      0 |     52 |   1 |  141.0 |
               +--------+--------+--------+--------+--------+-----+--------+

Top non-repeatable levels by time:
     D:1: 141 daAuts
